 Dungeon Crawl Stone Soup version 0.30.1-11-g7821555f0a (webtiles) character file.

Game seed: 6152659820265779509

270 Martska the Trooper (level 6, 0/49 HPs)
             Began as a Human Monk on Dec 4, 2023.
             Slain by Grinder (8 damage)
             ... on level 3 of the Dungeon.
             The game lasted 00:02:19 (2404 turns).

Martska the Trooper (Human Monk)                    Turns: 2404, Time: 00:02:20

Health: 0/49       AC:  2    Str: 13    XL:     6   Next: 46%
Magic:  6/6        EV: 13    Int: 11    God:
Gold:   105        SH:  0    Dex: 15    Spells: 5/5 levels left

rFire   . . .        f - +2 dagger (drain)
rCold   . . .        c - orb {light}
rNeg    . . .        a - +0 robe
rPois   .            (no helmet)
rElec   .            (no cloak)
rCorr   .            (no gloves)
SInv    .            (no boots)
Will    .....        (no amulet)
Stlth   +            (no ring)
HPRegen 0.28/turn    (no ring)
MPRegen 0.10/turn

%: no passive effects
@: attractive, glowing
A: no striking features
a: no special abilities


You were on level 3 of the Dungeon.
You visited 1 branch of the dungeon, and saw 3 of its levels.

You collected 105 gold pieces.

Inventory:

Hand Weapons
 f - a +2 dagger of draining (weapon)
 m - a +2 dagger of holy wrath
Armour
 a - a +0 robe (worn)
 c - an orb of light (worn)
Jewellery
 q - an amulet of magic regeneration
Scrolls
 d - a scroll of fear {unknown}
 e - 2 scrolls of immolation {unknown}
 g - a scroll of poison {unknown}
 h - 2 scrolls of enchant weapon
 j - a scroll of brand weapon {unknown}
 k - 4 scrolls of identify {unknown}
 l - a scroll of amnesia {unknown}
 o - a scroll of enchant armour {unknown}
 p - a scroll of summoning {unknown}
 s - a scroll of torment {unknown}
 t - a scroll of blinking {unknown}
Potions
 i - a potion of attraction
 n - a potion of lignification {unknown}
 r - a potion of cancellation {unknown}
 u - a potion of heal wounds {unknown}


   Skills:
 * Level 4.4 Fighting
 * Level 4.3 Dodging
 + Level 2.1 Stealth
 * Level 4.3 Unarmed Combat


You had 5 spell levels left.
You didn't know any spells.
Your spell library contained the following spells:

 Spells                   Type           Power      Damage    Failure   Level
 Passage of Golubria      Tloc           0%         N/A       98%         4
 Silence                  Hex/Air        0%         N/A       100%        5
 Lehudib's Crystal Spear  Conj/Erth      0%         10d2      100%        8


Dungeon Overview and Level Annotations

Branches:
Dungeon (3/15)

Altars:
Kikubaaqudgha

Annotations:
D:3 Grinder


Message History

Grinder is lightly wounded.
Grinder misses you.
You hit Grinder but do no damage.
Grinder is lightly wounded.
Grinder gestures at you. Pain shoots through your body!
You are confused.
You feel invigorated.
Grinder blinks!
You bump into the rock wall.
You bump into the rock wall.
You bump into the rock wall.
Grinder hits you.
You hit Grinder.
Grinder is moderately wounded.
You feel less invigorated.
You feel less confused. Grinder gestures at you. Pain shoots through your body!
You hit Grinder.
Grinder is moderately wounded.
Grinder hits you but does no damage.
You hit Grinder.
Grinder is moderately wounded.
Grinder gestures at you. Pain shoots through your body!
You hit Grinder.
Grinder is moderately wounded.
Grinder hits you.
You writhe in agony.
* * * LOW HITPOINT WARNING * * *
You hit Grinder.
Grinder is moderately wounded.
Grinder hits you!
* * * LOW HITPOINT WARNING * * *
As you read the scroll labelled HUHOEDD JOUH, it crumbles to dust.
It is a scroll of enchant weapon.
Your +1 dagger of draining glows red for a moment.
Grinder hits you but does no damage.
It was a potion of attraction.
You feel attractive to monsters. Grinder hits you!
You die...

### #.# #
#.#####.#
#....@5.#
#.#####.# #.#
# #.# #.# #.#
###.##########
#............#
########.....#
########


You could see Grinder.

Vanquished Creatures
  Sigmund (D:2)
  Terence (D:3)
  3 gnolls (D:2)
  2 adders (D:2)
  2 dart slugs
  An orc (D:3)
  A ball python (D:3)
  A bat (D:3)
  3 endoplasms
  2 goblins
  5 hobgoblins
  4 jackals (D:2)
  2 quokkas (D:2)
  A frilled lizard (D:1)
  6 kobolds
  8 rats
43 creatures vanquished.

Notes
Turn   | Place    | Note
-------+----------+-------------------------------------------
     0 | D:1      | Martska the Human Monk began the quest for the Orb.
     0 | D:1      | Reached XP level 1. HP: 18/18 MP: 1/1
   113 | D:1      | Reached XP level 2. HP: 20/24 MP: 2/2
   993 | D:2      | Reached XP level 3. HP: 19/29 MP: 3/3
  1171 | D:2      | Reached skill level 1 in Stealth
  1171 | D:2      | Noticed Sigmund
  1188 | D:2      | Killed Sigmund
  1189 | D:2      | Reached XP level 4. HP: 7/37 MP: 4/4
  1189 | D:2      | Reached XP level 5. HP: 8/42 MP: 5/5
  1189 | D:2      | Reached XP level 6. HP: 9/48 MP: 6/6
  2051 | D:3      | Noticed Terence
  2073 | D:3      | Killed Terence
  2339 | D:3      | Found an ancient bone altar of Kikubaaqudgha.
  2382 | D:3      | Noticed Grinder
  2390 | D:3      | Paralysed by Grinder for 2 turns
  2404 | D:3      | Slain by Grinder

Illustrated notes

Levels and vault maps discovered:
D:1:      wheals_arrival_shading, layout_basic
D:2:      layout_basic, chequers_serial_rivers_room_b, uniq_sigmund
D:3:      layout_basic, mainiacjoe_overflow_boulevard, serial_shops,
          nicolae_shop_back_alley_shop, uniq_grinder, uniq_terence

Skill      XL: |  1  2  3  4  5  6 |
---------------+-------------------+-----
Stealth        | 1 2 |  2.1
Fighting       | 4 |  4.4
Dodging        | 4 |  4.3
Unarmed Combat | 4 |  4.3

Action                     |  1- 3 |  4- 6 || total
---------------------------+-------+-------++-------
  Melee: Unarmed           |    21 |       ||    21
         Dagger            |    50 |    80 ||   130
    Use: Potion            |       |     2 ||     2
         Scroll            |       |     1 ||     1
 Armour: Robe              |    10 |    10 ||    20
  Dodge: Dodged            |    41 |    51 ||    92
